cohdb
Replays
Latest Replays
All Replays
Popular Replays
Top Player Replays
Match Explorer
How It Works
Community
CoH3 Stats
Reddit
Sign in to upload your games and track your stats! →
Sign in with Steam
Match 42429191
Unlisted
Match 42429191
Overview
Messages
Build Orders
End
Construct Infanterie Kompanie
Kettenkrad Recon Vehicle
Grenadier Squad
MG 42 Machine Gun Team
MG 42 Bunker
Selects Italian Coastal Battlegroup
Selects Coastal Reserves
Selects Artillery Officer
Coastal Reserve
Construct Panzergrenadier Kompanie
Selects Support Bunkers
Panzergrenadier Squad
Support Elements
MG 42 Bunker
Selects Rapid Fortifications
Rapid Fortifications
Pak 40 Anti-tank Gun Team
MG 42 Bunker
Nebelwerfer 42 Rocket Launcher Team
Rapid Fortifications
MG 42 Bunker
Nebelwerfer 42 Rocket Launcher Team
Medical Station
Panzergrenadier Officer Quarters
StuG III G Assault Gun
Selects Artillery Officer
Rapid Fortifications
MG 42 Bunker
StuG III G Assault Gun
Selects Obice da 210/22 Artillery Emplacement
StuG III G Assault Gun
StuG III G Assault Gun
Trash Panda
oberlet
Rensesus
Twankies
dan legend
Onisox
(B)urn (L)oot (M)urder
Commander Z
0
0
Comments
sign in to comment!
No comments posted yet!